 Dungeon Crawl Stone Soup version 0.22.0-49-gab54619 (webtiles) character file.

72 Doobh the Sneak (level 4, -4/24 HPs)
             Began as a Kobold Enchanter on Sept 4, 2018.
             Killed by divine providence
             ... invoked by an orc priest
              (15 damage)
             ... on level 3 of the Dungeon.
             The game lasted 00:10:40 (2492 turns).

Doobh the Sneak (Kobold Enchanter)                  Turns: 2492, Time: 00:10:43

Health: -4/24      AC:  6    Str:  5    XL:     4   Next: 50%
Magic:  7/7        EV: 16    Int: 17    God:
Gold:   92         SH:  0    Dex: 15    Spells: 5/8 levels left

rFire    . . .     SeeInvis .   a - +1 dagger
rCold    . . .     Gourm    .   (shield restricted)
rNeg     . . .     Faith    .   b - +1 robe
rPois    .         Spirit   .   (no helmet)
rElec    .         Reflect  .   i - +2 cloak
rCorr    .         Harm     .   (no gloves)
MR       .....                  (no boots)
Stlth    +++.......             (no amulet)
HPRegen  0.08/turn              (no ring)
MPRegen  0.10/turn              (no ring)

@: no status effects
A: small, carnivore
a: no special abilities


You were on level 3 of the Dungeon.
You were very full.

You visited 1 branch of the dungeon, and saw 4 of its levels.

You collected 92 gold pieces.

Inventory:

Hand Weapons
 a - a +1 dagger (weapon)
Missiles
 c - 48 stones (quivered)
Armour
 b - a +1 robe (worn)
 i - a +2 cloak (worn)
Jewellery
 k - a +5 amulet of reflection {unknown}
Scrolls
 e - a scroll of enchant weapon {unknown}
 g - a scroll of enchant armour
 j - 3 scrolls of identify {unknown}
Potions
 h - a potion of mutation {unknown}
 l - a potion of curing {unknown}
 m - a potion of degeneration {unknown}
Comestibles
 d - 6 rations


   Skills:
 * Level 3.2 Short Blades
 + Level 3.0 Dodging
 - Level 4.0 Stealth
 + Level 2.6 Spellcasting
 * Level 3.8 Hexes


You had 5 spell levels left.
You knew the following spells:

 Your Spells              Type           Power        Failure   Level  Hunger
a - Corona                Hex            ###....      3%          1    #......
b - Ensorcelled Hibernat  Hex/Ice        #.....       13%         2    ##.....

Your spell library contained the following spells:

 Spells                   Type           Power        Failure   Level  Hunger
 Confuse                  Hex            ###.....     12%         3    ###....
 Tukima's Dance           Hex            ###.....     12%         3    ###....
 Dazzling Spray           Conj/Hex       #.....       26%         3    ###....


Dungeon Overview and Level Annotations

Branches:
Dungeon (4/15)
 Temple: D:4-7

Altars:


Innate Abilities, Weirdness & Mutations

You are small and have problems with some larger weapons.
You are carnivorous and can eat meat at any time.


Message History

Aim: a quokka (chance to defeat MR: 57%)
The quokka looks drowsy...
The helpless quokka fails to defend itself.
You impale the quokka!!
You kill the quokka!
You start resting.
Magic restored.
You start resting.
HP restored.
There is a stone staircase leading down here.
You climb downwards.
The orc misses you.
There is a stone staircase leading up here.
The orc priest calls down the wrath of Beogh upon you.
Beogh smites you!
Ouch! That really hurt!
The orc closely misses you.
The orc priest calls down the wrath of Beogh upon you.
Beogh smites you!
Ouch! That really hurt!
You die...

....... .... ......#
... .%...>###### ..
.$..)......## .#
.....##.....###.##
....(#####...o...###
......#
###...#...###
......#
###..##...###
......# #.o@......#
.....## #...o......
....## ###........
#### #....)...
#........ #########


You could see 2 orc priests and an orc.

Vanquished Creatures
  A worm (D:2)
  2 dart slugs
  2 leopard geckos
  2 orcs (D:3)
  5 giant cockroaches
  5 goblins
  4 hobgoblins (D:1)
  5 jackals
  2 quokkas (D:2)
  4 ball pythons
  5 bats
  6 frilled lizards
  7 kobolds
  8 rats
58 creatures vanquished.

Notes
Turn   | Place    | Note
-------+----------+-------------------------------------------
     0 | D:1      | Doobh the Kobold Enchanter began the quest for the Orb.
     0 | D:1      | Reached XP level 1. HP: 10/10 MP: 3/3
     6 | D:1      | Noticed a lindwurm
     6 | D:1      | Noticed a salamander
     6 | D:1      | Noticed a komodo dragon
     6 | D:1      | Noticed a wyvern
   184 | D:1      | Reached XP level 2. HP: 15/15 MP: 5/5
   199 | D:1      | Learned a level 2 spell: Ensorcelled Hibernation
   602 | D:1      | Reached XP level 3. HP: 11/19 MP: 6/6
  1391 | D:2      | Reached XP level 4. HP: 22/24 MP: 2/7
  2492 | D:3      | Killed from afar by an orc priest

Skill      XL: |  1  2  3  4 |
---------------+-------------+-----
Short Blades   | 2 3 |  3.2
Dodging        | 3 |  3.0
Stealth        | |  4.0
Spellcasting   | |  2.6
Hexes          | |  3.8

Action                   |  1- 3 |  4- 6 || total
-------------------------+-------+-------++-------
Melee: Dagger            |   151 |    25 ||   176
Throw: Stone             |       |     2 ||     2
 Cast: Corona            |     1 |       ||     1
       Ensorcelled Hiber |    14 |    20 ||    34
  Use: Scroll            |       |     1 ||     1
 Stab: Sleeping          |    20 |    12 ||    32
  Eat: Chunk             |    11 |     3 ||    14
Armor: Robe              |    26 |     5 ||    31
Dodge: Dodged            |   107 |    26 ||   133
